Cogmind - Beta 16 @@@ ROGUE MODE // 2025.11.29 @ 18:07:06 Player: LightKnight Result: Self-destructed Performance ------------- Evolutions (4) 2000 Regions Visited (13) 2600 Robots Destroyed (158) 790 Value Destroyed (6276) 6276 Prototype IDs (43) 860 Alien Tech Used (0) 0 Bonus (4089) 4089 TOTAL SCORE: 16615 Bonus ------- High Alert Combat Kills 552 Follower Combat Kills 1137 Entered Garrisons 600 Used RIF Installer 1500 Aligned with FarCom 300 Cogmind --------- Core Integrity 411/850 Matter 290/300 Energy 100/100 System Corruption 5% Temperature Cool (0) Movement Core (2400) Ox47 Location -6/Factory Parts ------- > --- POWER (1) -------- (None) > --- PROPULSION (3) --- (None) > --- UTILITY (9) ------ Cargo Storage Unit Enhanced Optical Array Relay Coupler [Swarmer] (20) Relay Coupler [Grunt] (13) Relay Coupler [Brawler] (23) > --- WEAPON (2) ------- Powered Hammer > --- INVENTORY (30) --- Huge Storage Unit Advanced Visual Processing Unit Relay Coupler [NC] (25) Relay Coupler [NC] (26) Relay Coupler [NC] (28) Relay Coupler [Swarmer] (27) Relay Coupler [Swarmer] (27) Relay Coupler [Grunt] (30) Relay Coupler [Grunt] (31) Relay Coupler [Sentry] (20) Relay Coupler [Sentry] (21) Relay Coupler [Sentry] (26) Relay Coupler [Specialist] (26) Relay Coupler [Hunter] (17) Relay Coupler [Hunter] (18) Relay Coupler [Hunter] (14) Relay Coupler [Heavy] (10) Relay Coupler [Heavy] (11) Army-in-a-Box (30/30) Remote Datajack Plasma Cutter Peak State ------------ > --- POWER ------------ Reinforced Deuterium Engine > --- PROPULSION ------- Wheel Wheel Compact Wheel > --- UTILITY ---------- Cargo Storage Unit Enhanced Optical Array Powered Armor Force Field Relay Coupler [Swarmer] Relay Coupler [Grunt] Relay Coupler [Brawler] Relay Coupler [Sentry] > --- WEAPON ----------- Remote Datajack Powered Hammer > --- INVENTORY -------- Heavy Ion Engine Huge Storage Unit Advanced Visual Processing Unit Powered Armor Powered Armor Relay Coupler [NC] Relay Coupler [NC] Relay Coupler [NC] Relay Coupler [Swarmer] Relay Coupler [Swarmer] Relay Coupler [Grunt] Relay Coupler [Grunt] Relay Coupler [Sentry] Relay Coupler [Sentry] Relay Coupler [Sentry] Relay Coupler [Specialist] Relay Coupler [Hunter] Relay Coupler [Hunter] Relay Coupler [Hunter] Relay Coupler [Heavy] Relay Coupler [Heavy] Army-in-a-Box Plasma Cannon Remote Datajack Plasma Cutter [Rating: 57] Favorites ----------- Power Reinforced Deuterium Engine Engine Reinforced Deuterium Engine Propulsion Light Treads Treads Light Treads Leg Aluminum Leg Wheel Wheel Utility Huge Storage Unit Device Cooling System Storage Huge Storage Unit Processor Advanced Targeting Computer Hackware Relay Coupler [Grunt] Protection Powered Armor Weapon Heavy Particle Cannon Energy Gun EM Shotgun Energy Cannon Heavy Particle Cannon Ballistic Gun Assault Rifle Ballistic Cannon Magnetic Acceleration Cannon Launcher Grenade Launcher Special Weapon Remote Datajack Impact Weapon Powered Hammer Special Melee Weapon Improved Datajack Build | -11 -10 -10 -9 -9 -9 -8 -8 -8 -8 -8 -7 -7 -6 ------- Run | Yrd Mat Min Mat Min Exi Min Mat Gar Mat Gar Fac Gar Fac Slots Evolved 8 | . . . 2 . . . 2 . . . 2 . 2 Power . | . . . . . . . . . . . . . . Propulsion 1 | . . . 1 . . . . . . . . . . Utility 7 | . . . 1 . . . 2 . . . 2 . 2 Weapon . | . . . . . . . . . . . . . . Parts Attached 94 | 1 15 9 11 1 1 1 4 17 5 11 2 10 6 Power 7 | . 1 2 1 . . . . 1 1 . . . 1 Engine 7 | . 1 2 1 . . . . 1 1 . . . 1 Core . | . . . . . . . . . . . . . . Reactor . | . . . . . . . . . . . . . . Propulsion 22 | . 3 . 5 . . . 1 5 2 2 . 2 2 Treads 11 | . 3 . 4 . . . 1 3 . . . . . Leg . | . . . . . . . . . . . . . . Wheel 11 | . . . 1 . . . . 2 2 2 . 2 2 Hover . | . . . . . . . . . . . . . . Flight . | . . . . . . . . . . . . . . Utility 36 | . 5 1 2 1 . 1 2 7 1 5 1 8 2 Device 11 | . 3 1 1 1 . 1 . 2 . 1 . . 1 Storage 3 | . 2 . . . . . . . . . . 1 . Processor 2 | . . . 1 . . . . . . . . . 1 Hackware 9 | . . . . . . . . . . 3 . 6 . Protection 11 | . . . . . . . 2 5 1 1 1 1 . Artifact . | . . . . . . . . . . . . . . Weapon 29 | 1 6 6 3 . 1 . 1 4 1 4 1 . 1 Energy Gun 9 | . 5 3 1 . . . . . . . . . . Energy Cannon 8 | . . 1 1 . 1 . . 1 1 3 . . . Ballistic Gun 2 | 1 1 . . . . . . . . . . . . Ballistic Cannon 3 | . . 1 . . . . . 1 . . 1 . . Launcher 2 | . . . 1 . . . 1 . . . . . . Special Weapon 2 | . . . . . . . . 1 . 1 . . . Impact Weapon 2 | . . . . . . . . 1 . . . . 1 Slashing Weapon . | . . . . . . . . . . . . . . Piercing Weapon . | . . . . . . . . . . . . . . Special Melee Weapon 1 | . . 1 . . . . . . . . . . . Unidentified Prototypes 2 | . . . 1 . . . . . . . 1 . . Parts Lost 34 | . 3 1 1 . . . 2 5 3 3 . 4 12 Power 5 | . . 1 1 . . . . 1 . . . . 2 Propulsion 12 | . . . . . . . 2 . 2 2 . 2 4 Utility 12 | . 1 . . . . . . 3 1 1 . 2 4 Weapon 5 | . 2 . . . . . . 1 . . . . 2 Highest Loss Streak 8 | . 2 1 1 . . . 2 2 2 2 . 2 8 To Critical Strikes . | . . . . . . . . . . . . . . Average Backups 18 | 6 7 11 20 25 22 19 18 18 19 18 19 20 24 Power 1 | 1 1 . . 1 1 1 1 1 2 1 1 1 . Propulsion 3 | 4 2 3 5 8 7 7 6 5 2 1 1 . . Utility 7 | . . 2 5 7 6 5 4 5 9 10 13 15 20 Weapon 4 | 1 3 4 7 7 6 5 5 4 4 2 1 1 . Tool/Special . | . . . . . . . . . . . . . . Unused Backups 43 | . 5 1 3 . . . . 4 4 5 . 2 19 Power 7 | . . 1 2 . . . . 1 2 1 . . . Propulsion 5 | . 2 . . . . . . 1 2 . . . . Utility 27 | . . . 1 . . . . 2 . 4 . 2 18 Weapon 3 | . 3 . . . . . . . . . . . . Tool/Special 1 | . . . . . . . . . . . . . 1 Average Slot Usage (%) 97 | . 96 99 99 100 100 100 93 99 99 99 90 93 81 Engine 10 | . 14 13 10 11 11 11 9 9 9 9 7 7 5 Treads 18 | . 17 28 32 33 33 33 26 20 . . . . . Wheel 8 | . . . . . . . . 6 26 26 23 22 16 Device 9 | . 10 14 11 11 11 11 9 11 9 5 . 3 3 Storage 10 | . 14 14 11 11 11 11 9 9 9 9 7 7 6 Processor 6 | . . . 10 11 11 11 9 9 9 7 . . 3 Hackware 3 | . . . . . . . . . . 5 15 20 23 Protection 7 | . . . . . . . 12 15 18 17 21 15 5 Energy Gun 4 | . 26 15 . . . . . . . . . . . Energy Cannon 12 | . . 5 21 22 18 22 17 15 9 10 13 9 2 Ballistic Cannon 1 | . . 5 . . . . . . 9 4 . . . Peak Build Rating 57 | 6 10 16 25 25 28 29 33 40 42 44 48 50 57 Average Rating 29 | 6 9 13 21 24 26 28 31 32 40 42 46 46 50 On Entrance 28 | 6 6 10 16 25 24 28 29 32 40 41 42 47 47 Avg Prop Armor Cover (%) . | . . . . . . . . . . . . . . Naked Turns . | . . . . . . . . . . . . . . Heaviest Build 189 | 11 92 97 103 103 102 101 115 124 132 132 139 189 182 Greatest Support 60 | 20 40 40 60 60 60 60 60 60 38 44 38 38 36 Greatest Overweight (x) 55 | . 2 2 1 1 1 1 1 3 5 4 3 5 55 Average Overweight (x) 1 | . . . 1 1 1 1 1 1 3 2 3 3 4 Largest Inventory Capacity 30 | 8 25 25 25 25 25 25 25 25 25 25 25 30 30 Average Capacity 23 | 8 8 18 25 25 25 25 25 25 25 25 25 26 30 Most Carried 30 | 6 8 16 25 25 25 25 24 25 25 25 25 30 30 Average Carried 21 | 6 7 11 21 25 24 24 23 23 24 24 24 25 29 Final Capacity 30 | 8 8 25 25 25 25 25 25 25 25 25 25 30 30 Final Carried 30 | 6 8 16 25 25 25 24 22 25 24 24 25 30 26 Class Distribution -------------------- 68% | Mutant 21% | Bothacker-Mutant 8% | Scavenger-Mutant Dominant Class ---------------- Mutant | -10/Materials Mutant | -10/Mines Mutant | -9/Materials Mutant | -9/Mines Mutant | -9/Exiles Mutant | -8/Mines Mutant | -8/Materials Scavenger-Mutant | -8/Garrison Mutant | -8/Materials Bothacker-Mutant | -8/Garrison Bothacker-Mutant | -7/Factory Bothacker-Mutant | -7/Garrison Bothacker-Mutant | -6/Factory Resources | -11 -10 -10 -9 -9 -9 -8 -8 -8 -8 -8 -7 -7 -6 ----------- Run | Yrd Mat Min Mat Min Exi Min Mat Gar Mat Gar Fac Gar Fac Matter Collected 2456 | 200 153 110 183 20 . 40 62 307 353 498 22 398 110 Remotely . | . . . . . . . . . . . . . . Salvage Created 6141 | . 838 391 1393 167 . . 157 717 683 814 22 812 147 Parts 308 | . 54 19 76 5 . . 16 39 40 29 2 22 6 Haulers Intercepted 7 | . 2 . 4 . . . . . 1 . . . . Recyclers Shooed 1 | . . . . . . . . . 1 . . . . Parts Field Recycled . | . . . . . . . . . . . . . . Retrieved Matter . | . . . . . . . . . . . . . . Parts Self-Destructed . | . . . . . . . . . . . . . . Prevented . | . . . . . . . . . . . . . . Parts Restored . | . . . . . . . . . . . . . . Kills | -11 -10 -10 -9 -9 -9 -8 -8 -8 -8 -8 -7 -7 -6 ------- Run | Yrd Mat Min Mat Min Exi Min Mat Gar Mat Gar Fac Gar Fac Combat Hostiles Destroyed 116 | . 17 6 27 2 . . 8 16 11 18 . 9 2 Guns 19 | . 15 4 . . . . . . . . . . . Cannons 77 | . . . 24 1 . . 5 9 11 18 . 8 1 AOE 14 | . 2 1 3 . . . 3 5 . . . . . Classes Destroyed 16 | . 6 2 2 . . . . 1 2 2 . . 1 Worker 6 | . . 1 1 . . . 2 . 1 . 1 . . Builder 6 | . 1 1 . . . . . . 3 . . . 1 Tunneler 3 | . . 2 . . . . . . 1 . . . . Hauler 7 | . 2 . 4 . . . . . 1 . . . . Recycler 11 | . 2 1 3 1 . . . . 3 . . . 1 Watcher 7 | . 3 . 3 . . . 1 . . . . . . Swarmer 38 | . 9 3 10 . . . 7 . 3 4 . 2 . Grunt 52 | . 8 3 11 1 . . 1 12 4 9 . 3 . Brawler 2 | . . . . . . . . 1 . 1 . . . Duelist 5 | . . . 1 1 . . . . . . . 3 . Sentry 11 | . . . 5 . . . . 3 1 . . 2 . Demolisher 2 | . . . . . . . . . . . . . 2 Specialist 3 | . . . . . . . . . . 3 . . . Hunter 2 | . . . . . . . . . 2 . . . . Programmer 2 | . . . . . . . . . . 1 . 1 . Heavy 1 | . . . . . . . . . 1 . . . . Best Kill Streak 7 | . 5 4 7 2 . . 6 3 5 3 1 2 3 Combat Bots Only 6 | . 5 3 6 2 . . 5 3 4 3 . 2 2 Max Kills in Single Turn 4 | . 3 2 4 1 . . 2 3 2 1 1 1 1 Gunslinging 1 | . 1 . . . . . . . . . . . . Exploded 3 | . 2 1 2 . . . 2 3 . . . . . Melee . | . . . . . . . . . . . . . . Uniques/NPCs Destroyed . | . . . . . . . . . . . . . . Combat | -11 -10 -10 -9 -9 -9 -8 -8 -8 -8 -8 -7 -7 -6 -------- Run | Yrd Mat Min Mat Min Exi Min Mat Gar Mat Gar Fac Gar Fac Hostile Shots Fired 704 | . 47 27 97 2 . . 50 67 49 87 . 138 140 Missed 186 | . 10 6 25 . . . 18 16 12 25 . 47 27 Hits 518 | . 37 21 72 2 . . 32 51 37 62 . 91 113 Melee 5 | . . . 2 1 . . . . . . . . 2 Projectile 513 | . 37 21 70 1 . . 32 51 37 62 . 91 111 AOE 27 | . . . . . . . . . . . . . 27 Critical Strikes 12 | . . . 2 1 . . . 3 2 4 . . . Damage Taken 7792 | . 398 271 878 47 . . 453 839 788 1010 . 936 2172 Core 980 | . 48 . 171 35 . . 52 41 37 77 . 80 439 Absorbed by Shields 150 | . . . . . . . . . . . . . 150 Core Remaining (%) 75 | 100 . 80 . . . 48 . . . 62 . 88 . Volleys Fired 517 | . 39 28 75 4 . . 18 68 72 84 1 104 24 Largest 2 | . 2 2 2 2 . . 2 2 2 2 2 2 1 Hottest 160 | . 90 90 135 135 . . 143 143 124 160 160 160 80 Shots Fired 831 | . 74 50 147 8 . . 33 115 114 137 2 127 24 Gun 124 | . 74 50 . . . . . . . . . . . Cannon 649 | . . . 144 8 . . 30 109 114 126 2 99 17 Launcher 12 | . . . 3 . . . 3 6 . . . . . Special 46 | . . . . . . . . . . 11 . 28 7 Kinetic 95 | . . . . . . . . 4 53 38 . . . Thermal 559 | . . . 144 8 . . 30 105 61 93 2 99 17 Explosive 12 | . . . 3 . . . 3 6 . . . . . Electromagnetic 124 | . 74 50 . . . . . . . . . . . Robot Hit Streak 18 | . 11 12 12 4 . . 4 18 8 16 1 15 5 Robot Miss Streak 9 | . 8 9 7 1 . . 2 1 3 3 1 2 3 Penetration Max . | . . . . . . . . . . . . . . Secondary Targets 5 | . 4 1 . . . . . . . . . . . Max Gunslinging Chain 1 | . 1 1 . . . . . . . . . . . Shots Hit Robots 502 | . 54 37 86 7 3 . 17 54 61 91 1 82 9 Core Hits 232 | . 39 18 41 2 . . 18 29 25 31 1 26 2 Critical Kills 2 | . . . . . . . . . . . . 1 1 Critical Parts Destroyed . | . . . . . . . . . . . . . . Critical Strikes 7 | . . . . . . . . 1 1 3 . 1 1 Meltdown 2 | . . . . . . . . . . . . 1 1 Blast 5 | . . . . . . . . 1 1 3 . . . Melee Attacks 25 | . . . . . 3 . . 10 . . . . 12 Impact 22 | . . . . . . . . 10 . . . . 12 Slashing . | . . . . . . . . . . . . . . Piercing . | . . . . . . . . . . . . . . Sneak Attacks 4 | . . . . . 3 . . . . . . . 1 Combat Hostiles . | . . . . . . . . . . . . . . Follow-up Attacks . | . . . . . . . . . . . . . . Damage Inflicted 12825 | . 890 544 2646 196 . 6 747 1584 1837 2338 25 1781 231 Guns 1253 | . 745 508 . . . . . . . . . . . Cannons 10148 | . . . 2226 172 . . 474 1222 1837 2285 25 1781 126 Explosions 1206 | . 119 35 417 . . . 273 362 . . . . . Melee 105 | . . . . . . . . . . . . . 105 Ramming 60 | . 26 1 3 24 . 6 . . . . . . . Kinetic 1954 | . . . . . . . . 115 1014 825 . . . Thermal 8401 | . 119 35 2226 172 . . 474 1107 823 1513 25 1781 126 Explosive 1052 | . . . 417 . . . 273 362 . . . . . Electromagnetic 1253 | . 745 508 . . . . . . . . . . . Impact 105 | . . . . . . . . . . . . . 105 Slashing . | . . . . . . . . . . . . . . Piercing . | . . . . . . . . . . . . . . Highest Corruption 5 | . . . . . . . . . . . . 1 5 Average Corruption 1 | . . . . . . . . . . . . 1 2 Corruption Purged . | . . . . . . . . . . . . . . Corruption Blocked . | . . . . . . . . . . . . . . Effects 13 | . . . . . . . . . . . . 13 . Message Errors 5 | . . . . . . . . . . . . 5 . Matter Fused 1 | . . . . . . . . . . . . 1 . Heat Flow Errors 2 | . . . . . . . . . . . . 2 . Parts Rejected 1 | . . . . . . . . . . . . 1 . Data Loss (minor) 1 | . . . . . . . . . . . . 1 . Data Loss (major) 1 | . . . . . . . . . . . . 1 . Misfires 1 | . . . . . . . . . . . . 1 . Alerts 1 | . . . . . . . . . . . . 1 . Overload Shots . | . . . . . . . . . . . . . . Overflow Damage 316 | . . . 65 . . . 10 21 64 76 . 5 75 Projectiles 213 | . . . 37 . . . 10 21 64 76 . 5 . Explosions 28 | . . . 28 . . . . . . . . . . Melee 75 | . . . . . . . . . . . . . 75 Knockbacks 19 | . . . . . . . . . 6 12 . . 1 Impact 1 | . . . . . . . . . . . . . 1 Kinetic 18 | . . . . . . . . . 6 12 . . . Secondary . | . . . . . . . . . . . . . . Self-Inflicted Damage 169 | . 29 . 71 . . . 19 50 . . . . . Shots 7 | . 1 . 2 . . . 1 3 . . . . . Rammed 5 | . 1 2 1 . . 1 . . . . . . . Targets Rammed 9 | . 4 2 1 1 . 1 . . . . . . . Kicked 3 | . 3 . . . . . . . . . . . . Crushed 1 | . . . . 1 . . . . . . . . . Highest Temperature 397 | . 180 63 96 144 . . 42 216 204 397 132 314 308 Average Temperature 66 | . 62 22 23 76 . . 17 46 37 100 68 78 132 Received Heat Transfer 2260 | . 84 135 231 6 . . 87 450 153 567 . 306 241 Effects 10 | . . . . . . . . . . 8 . 2 . Shutdowns 1 | . . . . . . . . . . 1 . . . Energy Bleed 1 | . . . . . . . . . . 1 . . . Interference 8 | . . . . . . . . . . 6 . 2 . Siege Activations . | . . . . . . . . . . . . . . Martial Activations . | . . . . . . . . . . . . . . Shielding Activations . | . . . . . . . . . . . . . . Robots Disrupted . | . . . . . . . . . . . . . . Combat Hostiles . | . . . . . . . . . . . . . . Robots Corrupted 2 | . . 1 . . . . . . . . . . 1 Combat Hostiles 1 | . . 1 . . . . . . . . . . . Parts Fried 7 | . 3 1 . . . . . . . . . . 3 Impact Corruptions 3 | . . . . . . . . . . . . . 3 Robots Melted 6 | . . . . 1 . . . 2 . 1 . 1 1 Combat Hostiles 5 | . . . . 1 . . . 2 . . . 1 1 Parts Melted 22 | . . . 1 2 . . . 3 1 5 . 9 1 Heat Transferred 14082 | . 100 50 3330 259 . . 740 1739 1509 2960 50 3095 250 Parts Sabotaged . | . . . . . . . . . . . . . . Parts Stolen . | . . . . . . . . . . . . . . Parts Stripped . | . . . . . . . . . . . . . . Power Chain Reactions 4 | . 3 1 . . . . . . . . . . . Alert | -11 -10 -10 -9 -9 -9 -8 -8 -8 -8 -8 -7 -7 -6 ------- Run | Yrd Mat Min Mat Min Exi Min Mat Gar Mat Gar Fac Gar Fac Maximum Alert Level 4 | . 1 . 2 . . . . 3 2 4 2 4 2 Low Security (%) 48 | 100 72 100 69 100 . 100 100 24 . . . . . Level 1 14 | . 27 . 7 . . . . 30 51 12 . . 52 Level 2 24 | . . . 22 . . . . 35 48 29 100 59 47 Level 3 9 | . . . . . . . . 9 . 38 . 36 . Level 4 2 | . . . . . . . . . . 19 . 3 . Level 5 . | . . . . . . . . . . . . . . High Security . | . . . . . . . . . . . . . . Max Security . | . . . . . . . . . . . . . . Peak Influence 1308 | . 267 98 467 173 . 12 145 818 472 1308 686 1131 593 Initial 686 | . . 58 . 173 . . . 57 398 274 686 441 593 Average 307 | . 146 11 152 40 . . 32 389 405 790 661 704 410 Influence Increases 5773 | . 598 192 908 98 . 12 297 811 474 1324 5 930 124 Destroy 0b10 Robot/C 3020 | . 340 120 540 60 . . 180 320 260 760 . 360 80 Destroy 0b10 Robot/NC 245 | . 40 25 55 5 . . 30 . 50 10 5 10 15 Destroy Leader 454 | . 60 30 154 10 . . 46 20 74 30 . 10 20 Allied During Kill 201 | . . . . 7 . . 16 . 8 142 . 25 3 Successful Hack 114 | . 36 . 26 . . 12 4 14 22 . . . . Select Force Hacks 90 | . 60 . 30 . . . . . . . . . . Disable Machine 135 | . . 15 30 15 . . . 45 . 15 . 15 . Anti-Garrison Action 1000 | . . . . . . . . 300 . 300 . 400 . Destroy Structure 229 | . 17 2 43 1 . . 21 52 45 22 . 20 6 Partial Spotted 15 | . . . . . . . . . . . . 15 . Lose Combat Pursuer 270 | . 45 . 30 . . . . 60 15 45 . 75 . Influence Decreases 5558 | . 446 344 462 544 . 12 208 82 870 438 682 430 1040 Entered New Map 2317 | . . 94 . 273 . . . 32 420 148 622 190 538 Time Decay 2266 | . 416 240 452 256 . 12 148 . 380 . 60 . 302 Lost Part 340 | . 30 10 10 . . . 20 50 30 30 . 40 120 Lost Ally 635 | . . . . 15 . . 40 . 40 260 . 200 80 Squads Dispatched 14 | . 2 . 5 . . . 2 . 2 . . . 3 Investigation 5 | . 2 . 2 . . . . . . . . . 1 Extermination 2 | . . . . . . . . . . . . . 2 Reinforcement 5 | . . . 3 . . . 1 . 1 . . . . Assault 1 | . . . . . . . . . 1 . . . . Garrison 1 | . . . . . . . 1 . . . . . . Intercept . | . . . . . . . . . . . . . . Searches Triggered . | . . . . . . . . . . . . . . Construction Impeded . | . . . . . . . . . . . . . . Haulers Reinforced . | . . . . . . . . . . . . . . Active Scanning Responses . | . . . . . . . . . . . . . . Cargo Convoy Interrupts . | . . . . . . . . . . . . . . Stealth | -11 -10 -10 -9 -9 -9 -8 -8 -8 -8 -8 -7 -7 -6 --------- Run | Yrd Mat Min Mat Min Exi Min Mat Gar Mat Gar Fac Gar Fac Distress Signals 5 | . 1 . 3 . . . . . 1 . . . . Communications Jammed . | . . . . . . . . . . . . . . Distress Signals . | . . . . . . . . . . . . . . Times Spotted 223 | . 25 9 42 3 . . 15 17 18 37 . 32 25 Peak Tracking Total 6 | . 5 3 6 3 . . 4 5 6 4 . 6 6 Tactical Retreats 11 | . 1 . 2 . . . . 2 1 2 . 3 . Traps | -11 -10 -10 -9 -9 -9 -8 -8 -8 -8 -8 -7 -7 -6 ------- Run | Yrd Mat Min Mat Min Exi Min Mat Gar Mat Gar Fac Gar Fac Traps Triggered 22 | . 1 . . . . . . 4 . 6 . 9 2 Indirectly . | . . . . . . . . . . . . . . Trap Hack Attempts 33 | . . 33 . . . . . . . . . . . Triggered . | . . . . . . . . . . . . . . Disarmed . | . . . . . . . . . . . . . . Reprogrammed 5 | . . 5 . . . . . . . . . . . Reused . | . . . . . . . . . . . . . . Traps Extracted . | . . . . . . . . . . . . . . Installed . | . . . . . . . . . . . . . . Triggered . | . . . . . . . . . . . . . . Machines | -11 -10 -10 -9 -9 -9 -8 -8 -8 -8 -8 -7 -7 -6 ---------- Run | Yrd Mat Min Mat Min Exi Min Mat Gar Mat Gar Fac Gar Fac Machines Disabled 21 | . 1 1 3 1 . . . 3 . 5 . 7 . Max in Single Turn 1 | . 1 1 1 . . . . 1 . 1 . 1 . Garrison Relay 11 | . . . . . . . . . . 5 . 6 . Machines Repaired . | . . . . . . . . . . . . . . Machines Dismantled 8 | . . . . . . . . 2 . 4 . 2 . Machines Sabotaged . | . . . . . . . . . . . . . . Overloaded Fab Kills . | . . . . . . . . . . . . . . Hacking | -11 -10 -10 -9 -9 -9 -8 -8 -8 -8 -8 -7 -7 -6 --------- Run | Yrd Mat Min Mat Min Exi Min Mat Gar Mat Gar Fac Gar Fac Machines Accessed 37 | . 8 1 7 . 1 2 4 1 4 2 1 2 4 Terminals 25 | . 5 . 4 . . 2 2 1 3 2 . 2 4 Fabricators . | . . . . . . . . . . . . . . Repair Stations 2 | . 1 . 1 . . . . . . . . . . Recycling Units 3 | . 2 . 1 . . . . . . . . . . Scanalyzers 2 | . . . 1 . . . 1 . . . . . . Garrison Access 3 | . . . . . . . 1 . 1 . 1 . . Total Hacks 83 | . 24 1 19 . 1 4 8 1 11 4 1 3 6 Successful 41 | . 12 1 11 . 1 2 5 1 6 1 1 . . Failed 40 | . 12 . 7 . . 1 3 . 5 3 . 3 6 Catastrophic 4 | . . . 1 . . . . . . 1 . 1 1 Database Lockouts 2 | . . . 1 . . 1 . . . . . . . Manual 37 | . 12 . 10 . 1 4 4 . 6 . . . . Terminals 65 | . 20 . 13 . . 4 4 1 10 4 . 3 6 Fabricators . | . . . . . . . . . . . . . . Repair Stations 5 | . 2 . 3 . . . . . . . . . . Recycling Units 3 | . 2 . 1 . . . . . . . . . . Scanalyzers 5 | . . . 2 . . . 3 . . . . . . Garrison Access 3 | . . . . . . . 1 . 1 . 1 . . Terminal Hacks 20 | . 6 1 5 . 1 2 . 1 3 1 . . . Robot Analysis 3 | . 1 . . . . 2 . . . . . . . Prototype ID Bank 4 | . 2 . 2 . . . . . . . . . . Open Door 2 | . . 1 . . . . . . . 1 . . . Level Access Points 1 | . . . 1 . . . . . . . . . . Terminal Index 1 | . . . . . . . . . 1 . . . . Scanalyzer Index 1 | . . . 1 . . . . . . . . . . Locate Traps 5 | . 3 . 1 . . . . . 1 . . . . Hauler Manifests 1 | . . . . . . . . . 1 . . . . Garrison Registry 1 | . . . . . . . . 1 . . . . . Proto ID Catalog 1 | . . . . . 1 . . . . . . . . Fabricator Hacks . | . . . . . . . . . . . . . . Repair Station Hacks 2 | . 1 . 1 . . . . . . . . . . Scan Component 2 | . 1 . 1 . . . . . . . . . . Recycling Unit Hacks . | . . . . . . . . . . . . . . Scanalyzer 3 | . . . 1 . . . 2 . . . . . . Retrieve Study 3 | . . . 1 . . . 2 . . . . . . Garrison Access Hacks 3 | . . . . . . . 1 . 1 . 1 . . Unlock Access 3 | . . . . . . . 1 . 1 . 1 . . Unauthorized Hacks 13 | . 5 . 4 . . . 2 . 2 . . . . Terminals 10 | . 3 . 3 . . . 2 . 2 . . . . Botnet 8 | . 3 . 2 . . . 2 . 1 . . . . Operators 1 | . . . . . . . . . 1 . . . . Skim 1 | . . . 1 . . . . . . . . . . Fabricators . | . . . . . . . . . . . . . . Repair Stations . | . . . . . . . . . . . . . . Recycling Units 3 | . 2 . 1 . . . . . . . . . . Tunnel 3 | . 2 . 1 . . . . . . . . . . Scanalyzers . | . . . . . . . . . . . . . . Garrison Access . | . . . . . . . . . . . . . . Data Cores Recovered . | . . . . . . . . . . . . . . Used . | . . . . . . . . . . . . . . Hacking Detections 28 | . 5 . 6 . . 2 3 1 3 1 1 2 4 Full Trace Events . | . . . . . . . . . . . . . . Feedback Events . | . . . . . . . . . . . . . . Feedback Blocked . | . . . . . . . . . . . . . . Robot Schematics Acquired . | . . . . . . . . . . . . . . Robots Built . | . . . . . . . . . . . . . . Authchips . | . . . . . . . . . . . . . . Time . | . . . . . . . . . . . . . . Total Robot Build Rating . | . . . . . . . . . . . . . . Part Schematics Acquired . | . . . . . . . . . . . . . . Parts Built . | . . . . . . . . . . . . . . Authchips . | . . . . . . . . . . . . . . Time . | . . . . . . . . . . . . . . Total Part Build Rating . | . . . . . . . . . . . . . . Part Studies Acquired 3 | . . . 1 . . . 2 . . . . . . Parts Repaired . | . . . . . . . . . . . . . . Time . | . . . . . . . . . . . . . . Parts Recycled . | . . . . . . . . . . . . . . Recycled Matter . | . . . . . . . . . . . . . . Retrieved Matter . | . . . . . . . . . . . . . . Retrieved Components . | . . . . . . . . . . . . . . Parts Scanalyzed . | . . . . . . . . . . . . . . Part Schematics Acquired . | . . . . . . . . . . . . . . Parts Damaged . | . . . . . . . . . . . . . . Bothacking | -11 -10 -10 -9 -9 -9 -8 -8 -8 -8 -8 -7 -7 -6 ------------ Run | Yrd Mat Min Mat Min Exi Min Mat Gar Mat Gar Fac Gar Fac Used RIF Installer 3 | . . . . . . . . 1 . 1 . 1 . Hotswap 1 | . . . . . . . . . . 1 . . . Program Shield 1 | . . . . . . . . . . . . 1 . Robots Hacked 26 | . . . . . 3 . . . . 5 . 15 3 Non-combat 2 | . . . . . 2 . . . . . . . . Combat 24 | . . . . . 1 . . . . 5 . 15 3 Robot Hacks Applied 28 | . . . . . 3 . . . . 5 . 17 3 parse_system 3 | . . . . . 3 . . . . . . . . find_garrison 1 | . . . . . . . . . . . . . 1 overload_power 1 | . . . . . . . . . . . . 1 . amplify_resonance 1 | . . . . . . . . . . . . 1 . go_dormant 2 | . . . . . . . . . . . . 2 . overwrite_iff 13 | . . . . . . . . . . 4 . 8 1 streamctrl_high 1 | . . . . . . . . . . . . 1 . formatsys_high 6 | . . . . . . . . . . 1 . 4 1 Relay Couplers Released 47 | . . . . . . . . . . 19 . 28 . Machine Destruction 47 | . . . . . . . . . . 19 . 28 . Attached 9 | . . . . . . . . . . 3 . 6 . Fabnet Peak Effective % . | . . . . . . . . . . . . . . Robots Rewired 16 | . . . . . . . . 2 . 12 . 2 . Allies Hacked 1 | . . . . . . . . . . . . 1 . Hacks Repelled . | . . . . . . . . . . . . . . Allies | -11 -10 -10 -9 -9 -9 -8 -8 -8 -8 -8 -7 -7 -6 -------- Run | Yrd Mat Min Mat Min Exi Min Mat Gar Mat Gar Fac Gar Fac Total Allies 41 | . . . . 3 . . . 2 . 17 . 17 2 Largest Group 8 | . . . . 3 2 2 2 2 2 8 1 3 3 Highest-Rated Group 185 | . . . . 40 24 24 24 44 44 185 15 85 101 Highest-Rated Ally 40 | . . . . 16 16 16 16 25 25 31 15 40 40 Total Orders 4 | . . . . 2 . . . . . 2 . . . STAY 2 | . . . . 1 . . . . . 1 . . . FOLLOW 2 | . . . . 1 . . . . . 1 . . . Ally Attacks 253 | . . . . 7 . . 46 . 13 95 . 77 15 Total Damage 4613 | . . . . 72 . . 312 . 172 2375 . 1353 329 Kills 40 | . . . . 1 . . 4 . 3 20 . 9 3 Allies Corrupted . | . . . . . . . . . . . . . . Allies Melted . | . . . . . . . . . . . . . . Intel | -11 -10 -10 -9 -9 -9 -8 -8 -8 -8 -8 -7 -7 -6 ------- Run | Yrd Mat Min Mat Min Exi Min Mat Gar Mat Gar Fac Gar Fac Active Infowar (turns) 2443 | . 313 . . 964 628 125 . . . . . . 413 Optics 413 | . . . . . . . . . . . . . 413 Seismic 2030 | . 313 . . 964 628 125 . . . . . . . Robot Analysis Total 3 | . 1 . . . . 2 . . . . . . . Derelict Logs Recovered 4 | . . 2 . 2 . . . . . . . . . Drone Launches . | . . . . . . . . . . . . . . Drone Recoveries . | . . . . . . . . . . . . . . Exploration | -11 -10 -10 -9 -9 -9 -8 -8 -8 -8 -8 -7 -7 -6 ------------- Run | Yrd Mat Min Mat Min Exi Min Mat Gar Mat Gar Fac Gar Fac Turns Passed 14953 | 2 1272 1906 1783 988 628 990 428 2208 882 1474 131 1589 672 Spaces Moved 6766 | 1 752 650 628 404 258 410 152 920 485 795 93 851 367 Core 2 | . . . . . . . . . . . . . 2 Treads 3547 | . 431 650 628 404 258 410 152 614 . . . . . Legs 322 | 1 321 . . . . . . . . . . . . Wheels 2895 | . . . . . . . . 306 485 795 93 851 365 Hover . | . . . . . . . . . . . . . . Flight . | . . . . . . . . . . . . . . Fastest Speed 110 | 120 120 160 240 240 240 240 240 110 118 116 125 121 136 Average Speed 181 | 120 144 232 240 240 240 240 240 200 127 123 125 131 156 Slowest Speed 2800 | 120 320 320 240 240 240 240 240 320 150 145 125 155 2800 Overloaded Moves . | . . . . . . . . . . . . . . Propulsion Burnouts . | . . . . . . . . . . . . . . Robots Hopped . | . . . . . . . . . . . . . . Potential Cave-ins 8 | . . . . . . . . 2 . . . . 6 Cave-ins Triggered . | . . . . . . . . . . . . . . Exploration Rate (%) 56 | 2 98 98 61 97 69 83 21 51 31 84 5 71 15 Regions Visited 13 Branch Regions 4 Pre-discovered Areas 5 | . 2 2 1 . . . . . . . . . . Known Exits Taken 4 | . . . . . . 1 1 . 1 . 1 . . Unknown Exits Taken 6 | 1 1 1 1 1 1 . . . . . . . . Scrap Searched 5 | . . 1 . 1 . 3 . . . . . . . Spaces Dug 23 | . . . 2 . . . . 3 10 . . . 8 Terrain Destroyed 168 | . 14 2 39 1 . . 20 33 44 2 . . 13 Melee 8 | . . . . . . . . 1 . . . . 7 Projectile 87 | . . . 21 1 . . 2 11 44 2 . . 6 AOE 73 | . 14 2 18 . . . 18 21 . . . . . Terrain Rammed . | . . . . . . . . . . . . . . Walls Destroyed . | . . . . . . . . . . . . . . Machines Disabled . | . . . . . . . . . . . . . . Actions | -11 -10 -10 -9 -9 -9 -8 -8 -8 -8 -8 -7 -7 -6 --------- Run | Yrd Mat Min Mat Min Exi Min Mat Gar Mat Gar Fac Gar Fac Total 8502 | 1 865 994 757 413 271 417 181 1135 641 1122 103 1180 422 Wait 535 | . 29 257 12 3 . . 5 28 58 58 . 80 5 Move 6756 | . 751 649 627 403 257 409 152 919 485 794 93 850 367 Hop . | . . . . . . . . . . . . . . Pick Up 104 | . 9 9 15 . 2 2 1 16 10 16 2 22 . Fast Attach 29 | . 8 2 2 1 . . . 5 1 . 2 3 5 Attach 44 | . 4 1 5 . 1 1 3 9 3 4 1 8 4 Detach 16 | . 5 1 4 . . . . 2 . . . 3 1 Swap 76 | 1 4 8 9 1 1 1 2 9 1 22 1 14 2 Drop 80 | . 12 4 7 . 7 3 . 14 11 10 2 8 2 Fire 517 | . 39 28 75 4 . . 18 68 72 84 1 104 24 Melee 25 | . . . . . 3 . . 10 . . . . 12 Ram . | . . . . . . . . . . . . . . Kick 3 | . 3 . . . . . . . . . . . . Crush 6 | . 1 2 1 1 . 1 . . . . . . . Escape Stasis 120 | . . . . . . . . 8 . 48 . 64 . Rewire 123 | . . . . . . . . 36 . 74 . 13 . Trap 33 | . . 33 . . . . . . . . . . . Miscellaneous 35 | . . . . . . . . 11 . 12 1 11 . Route ------- -11/Scrapyard -10/Materials (discovered 5 exits: *Mat x3 / *Min x2) -10/Mines (discovered 3 exits: *Mat x2 / [*Sub]) -9/Materials (discovered 4 exits: *Mat x3 / [*Min]) -9/Mines (discovered 3 exits: *Mat x2 / *Exi) -9/Exiles (discovered 2 exits: *Min x2) -8/Mines (discovered 2 exits: *Mat x2) -8/Materials -8/Garrison (discovered 3 exits: *Mat x3) -8/Materials -8/Garrison (discovered 4 exits: *Fac x3 / [*Mat]) -7/Factory -7/Garrison (discovered 3 exits: *Fac x3) -6/Factory History --------- Turn | Location | Event 3 | -11/Scrapyard | Discovered new exit (range 0) 3 | -11/Scrapyard | Entered Materials 310 | -10/Materials | Build established: Mutant 382 | -10/Materials | Discovered new exit (range 16) 456 | -10/Materials | Discovered new exit (range 6) 663 | -10/Materials | Discovered new exit (range 10) 793 | -10/Materials | Discovered new exit (range 5) 930 | -10/Materials | Discovered new exit (range 16) 1275 | -10/Materials | Entered Mines 1283 | -10/Mines | Discovered new exit (range 10) 1364 | -10/Mines | Met a Derelict bent on vengeance 1800 | -10/Mines | Found a hidden stash of uninstalled traps 1810 | -10/Mines | Discovered new exit (range 10) 1930 | -10/Mines | Met a Derelict who couldn't figure out how to use a Trap Extractor 2561 | -10/Mines | Learned location of Zion (-7) 2609 | -10/Mines | Discovered new exit (range 9) 3181 | -10/Mines | Entered Materials 3181 | -9/Materials | Evolved 2 slots: Propulsion x1, Utility x1 3486 | -9/Materials | Identified exit to Materials 4244 | -9/Materials | Discovered new exit (range 16) 4826 | -9/Materials | Central database locked down 4964 | -9/Materials | Entered Mines 4974 | -9/Mines | Discovered exit to Materials (range 10) 5132 | -9/Mines | Learned 2 Materials zone layouts 5170 | -9/Mines | Learned Materials trap positions 5225 | -9/Mines | Assisted by bots powering up and referring to "LRC-V3" 5316 | -9/Mines | Discovered exit to Materials (range 16) 5513 | -9/Mines | A weapon hastily lodged in a ceiling crevice suddenly fell to the ground 5553 | -9/Mines | Core integrity fell below 50% 5753 | -9/Mines | Deemed a non-threat by the Exiles lab entrance 5753 | -9/Mines | Discovered new exit (range 5) 5952 | -9/Mines | Entered Exiles 5952 | -9/Exiles | Accompanied by 2 allies 5984 | -9/Exiles | Discovered new exit (range 15) 6017 | -9/Exiles | Met 8R-AWN 6053 | -9/Exiles | Met EX-HEX 6126 | -9/Exiles | Met EX-BIN 6154 | -9/Exiles | Aligned with FarCom system 6156 | -9/Exiles | Given EX-Vault access code 6214 | -9/Exiles | Opened EX-Vault 6230 | -9/Exiles | Found Army-in-a-Box 6287 | -9/Exiles | Warned to stay clear of 0b10 Research branches 6355 | -9/Exiles | Met EX-DEC 6554 | -9/Exiles | Discovered new exit (range 14) 6580 | -9/Exiles | Left Exiles lab with Army-in-a-Box 6580 | -9/Exiles | Entered Mines 6580 | -8/Mines | Accompanied by 2 allies 6680 | -8/Mines | Discovered exit to Materials (range 9) 6805 | -8/Mines | Discovered exit to Materials (range 16) 6836 | -8/Mines | Central database locked down 7570 | -8/Mines | Entered Materials 7570 | -8/Materials | Accompanied by 2 allies 7570 | -8/Materials | Evolved 2 slots: Utility x2 7572 | -8/Materials | Loaded intel: 14 trap records 7942 | -8/Materials | Garrison activated, responded to threat 7998 | -8/Materials | Identified exit to Garrison 7998 | -8/Materials | Entered Garrison 8405 | -8/Garrison | Triggered checkpoint 8657 | -8/Garrison | Discovered new exit (range 11) 8724 | -8/Garrison | Triggered checkpoint 8750 | -8/Garrison | Build established: Scavenger-Mutant 9375 | -8/Garrison | Discovered new exit (range 49) 9375 | -8/Garrison | Discovered new exit (range 23) 9375 | -8/Garrison | Discovered new exit (range 47) 9435 | -8/Garrison | Installed Relay Interface Framework 9694 | -8/Garrison | Found Powered Armor 9699 | -8/Garrison | Found Powered Armor 9709 | -8/Garrison | Found Powered Armor 9712 | -8/Garrison | Found Powered Armor 9714 | -8/Garrison | Found Powered Armor 9717 | -8/Garrison | Found Powered Armor 9719 | -8/Garrison | Found Powered Armor 10000 | -8/Garrison | Build established: Mutant 10206 | -8/Garrison | Entered Materials 10206 | -8/Materials | Accompanied by 2 allies 11006 | -8/Materials | First assault squad dispatched 11088 | -8/Materials | Identified exit to Garrison 11088 | -8/Materials | Entered Garrison 11263 | -8/Garrison | P-60 Hacker assimilated allied Shotgunner 3c 11408 | -8/Garrison | Triggered checkpoint 11412 | -8/Garrison | Garrison Relay disabled 11548 | -8/Garrison | Triggered checkpoint 11550 | -8/Garrison | Triggered checkpoint 11586 | -8/Garrison | Triggered checkpoint 11626 | -8/Garrison | Discovered new exit (range 8) 11636 | -8/Garrison | Lost 8 allies 11674 | -8/Garrison | Triggered checkpoint 11749 | -8/Garrison | Garrison Relay disabled 12026 | -8/Garrison | Build established: Bothacker-Mutant 12036 | -8/Garrison | Discovered new exit (range 10) 12087 | -8/Garrison | Expanded RIF knowledge: Hotswap 12116 | -8/Garrison | Triggered checkpoint 12167 | -8/Garrison | Garrison Relay disabled 12200 | -8/Garrison | Garrison Relay disabled 12264 | -8/Garrison | Triggered checkpoint 12296 | -8/Garrison | Discovered new exit (range 6) 12374 | -8/Garrison | Triggered checkpoint 12480 | -8/Garrison | Triggered checkpoint 12516 | -8/Garrison | Garrison Relay disabled 12518 | -8/Garrison | Lost 3 allies 12549 | -8/Garrison | Discovered new exit (range 8) 12562 | -8/Garrison | Entered Factory 12562 | -7/Factory | Accompanied by 1 ally 12562 | -7/Factory | Evolved 2 slots: Utility x2 12693 | -7/Factory | Identified exit to Garrison 12693 | -7/Factory | Entered Garrison 12693 | -7/Garrison | Accompanied by 1 ally 12726 | -7/Garrison | Expanded RIF knowledge: Program Shield 12919 | -7/Garrison | Triggered checkpoint 13003 | -7/Garrison | Garrison Relay disabled 13033 | -7/Garrison | Heavy support dispatched to Factory 13052 | -7/Garrison | Rescued a captive Derelict 13054 | -7/Garrison | Rescued a captive Derelict 13275 | -7/Garrison | Triggered checkpoint 13413 | -7/Garrison | Discovered new exit (range 10) 13437 | -7/Garrison | Triggered checkpoint 13491 | -7/Garrison | Triggered checkpoint 13493 | -7/Garrison | Garrison Relay disabled 13613 | -7/Garrison | Triggered checkpoint 13640 | -7/Garrison | Garrison Relay disabled 13833 | -7/Garrison | Discovered new exit (range 8) 13843 | -7/Garrison | Triggered checkpoint 13887 | -7/Garrison | Garrison Relay disabled 13920 | -7/Garrison | Triggered checkpoint 14075 | -7/Garrison | Garrison Relay disabled 14151 | -7/Garrison | Triggered checkpoint 14209 | -7/Garrison | Triggered checkpoint 14223 | -7/Garrison | Garrison Relay disabled 14260 | -7/Garrison | Discovered new exit (range 14) 14265 | -7/Garrison | Heavy support dispatched to Factory 14282 | -7/Garrison | Entered Factory 14282 | -6/Factory | Accompanied by 2 allies 14282 | -6/Factory | Evolved 2 slots: Utility x2 14778 | -6/Factory | Assembled infested ambush trap array 14897 | -6/Factory | Lost 8 parts (1p3n3u1w) 14953 | -6/Factory | Core integrity fell below 50% 14954 | -6/Factory | Self-destructed Last Messages --------------- 14856_ Matter Pump disabled. 14857_ The unstable cave ceiling collapses. 14857_ M-28 Smith crushed by falling debris. 14857_ M-28 Smith destroyed. 14857_ 16 Matter crushed. 14864_ Powered Armor destroyed. 14865_ The unstable cave ceiling collapses. 14866_ Wheel+ destroyed. 14870_ The unstable cave ceiling collapses. 14871_ Matter Pump disabled. 14872_ D-53 Grenadier destroyed. 14881_ The unstable cave ceiling collapses. 14882_ D-53 Grenadier suffers critical hit (Meltdown). 14893_ The unstable cave ceiling collapses. 14896_ Terrain Scan Processor melted. 14896_ U-05 Engineer destroyed. 14934_ The unstable cave ceiling collapses. 14936_ Powered Armor destroyed. 14940_ Hvy. Ion Engine destroyed. 14952_ Plasma Cannon destroyed. Map ----- +----------------------------------------------------+ | ??????? ##### | | ??????? | | ??????? | | ???????? | | ???????? % ####? | | ?????????####+########+####+## #### #???? | | ?????????????????????# % # #?? #???? | | ?????????????????????# ! # """#???? #???? | | ?????????????????????# # """#?????????? | | ?????????????????????# # "#?????????? | | ?????????????????????# # """ "F"#?????????? | | ?????????????????????# + """ """#?????????? | | ?????????????????????# """ #?????????? | | ?????????????????????# gg = #?????????? | | ?????????????????????# ! g## ####?????????? | | ?????????????????????# # #???????????? | | ?????????????????????# #???????????? | | ?????????????????????#+## ### ##???????????? | | ?????????????????????# # # ###????????????? | | ?????????????????????# #?????????????? | | ?????????????????????# #?????????????? | | ?????????#### ########*| #?????????????? | | ????? =%! #?????????????? | | ??????????###########p != #####?????????#???? | | ?????????????????#### ##### #???? | | ?????????????????# "" @ g #???? | | ?????????????????#""" T +???? | | ?????????????????#"R k " #???? | | ?????????????????#""" ##### #???? | | ?????????????????#""" #?????? ###???? | | ?????????????????### #?????????????? | | ???????????????????## u t#?????????????? | | ?????????????????? " """ #?????????????? | | ????????????????# "" #?????????????? | | ??????????????? G """ #?????????????? | | ????????????? "" """ #?????????????? | | ???????????? " """ #?????????????? | | ?????????? #?????????????? | | ????????? k #?????????????? | | ????????? ############+######?# ###?????????????? | | ??????????????????????? ???????? #???????????????? | | ??????????????????????? ?????????#???????????????? | | ?????????????????????????????????????????????????? | | ?????????????????????????????????????????????????? | | ?????????????????????????????????????????????????? | | ?????????????????????????????????????????????????? | | ?????????????????????????????????????????????????? | | ?????????????????????????????????????????????????? | | ?????????????????????????????????????????????????? | | ?????????????????????????????????????????????????? | +----------------------------------------------------+ Best States ------------- Heat Dissipation 67 Energy Generation 18 Energy Capacity 290 Matter Stores 300 Matter Capacity 300 Sight Range 22 Terrain Scan Density 10 Armor Coverage 1200 Weapon Cycling 15 Evasion (%) 55 Targeting Accuracy 8 Recoil Reduction 3 Relay Coupler Types 4 Relay Coupler Value 82 Item Schematics ----------------- None Robot Schematics ------------------ None Fabricated ------------ Nothing Repaired ---------- Nothing Studied --------- Wheel | -9/Materials | Hacked Com. Wheel | -8/Materials | Hacked Arm. Wheel | -8/Materials | Hacked Alien Tech Used ----------------- None Achievements -------------- None Challenges ------------ None Game ------ Seed ArmorVisualPerforator Manual? 0 Play Time 01:50:24 Cumulative 471.7 hours Start 2025.11.29 @ 14:13:39 End 2025.11.29 @ 18:07:06 Sessions 7 Manual Loads 0 Difficulty Rogue Special Mode None Game No. 298 Rogue 298 Adventurer 0 Explorer 0 Win Type - Total 33 Types 26/1/4/2/0/0/0/0/0/0 Lore% 91 Gallery% 82 Achievement% 52 Wizard Run 0 Options --------- Layout 0 ASCII 0 Keyboard 1 Movement Arrows Keybinds 0 Fullscreen 2 Font 18/Terminus Map View 76x50 Zoom Use 0% Tactical HUD 1 Map Filters NONE Filters NONE Steam X RUN: fa2c7c29-512e-4658-ac8e-bde6557211f2